 Dungeon Crawl Stone Soup version 0.22.1-6-g1668fe2c40 (webtiles) character file.

418 H0rd4k the Charlatan (level 7, -7/50 HPs)
             Began as a Human Artificer on Jan 18, 2019.
             Killed from afar by Ijyb (17 damage)
             ... with a wand of acid (6)
             ... on level 3 of the Dungeon.
             The game lasted 00:07:08 (4433 turns).

H0rd4k the Charlatan (Human Artificer)              Turns: 4433, Time: 00:07:09

Health: -7/50      AC:  3    Str: 14    XL:     7   Next: 16%
Magic:  10/10      EV: 13    Int: 12    God:
Gold:   182        SH:  0    Dex: 13    Spells: 6/6 levels left

rFire    . . .     SeeInvis .   a - +0 short sword
rCold    . . .     Gourm    .   (no shield)
rNeg     . . .     Faith    .   b - +0 leather armour
rPois    .         Spirit   .   (no helmet)
rElec    .         Reflect  .   (no cloak)
rCorr    .         Harm     .   (no gloves)
MR       .....                  (no boots)
Stlth    ++........             (no amulet)
HPRegen  0.16/turn              (no ring)
MPRegen  0.12/turn              (no ring)

@: no status effects
A: no striking features
a: no special abilities


You were on level 3 of the Dungeon.
You were not hungry.

You visited 1 branch of the dungeon, and saw 4 of its levels.

You collected 182 gold pieces.

Inventory:

Hand Weapons
 a - a +0 short sword (weapon)
 g - a +0 hunting sling
 u - a +0 long sword
Missiles
 r - 26 arrows
 B - 14 sling bullets
 E - 22 bolts
Armour
 b - a +0 leather armour (worn)
 k - a cursed +0 ring mail
 x - a cursed +0 robe
Jewellery
 j - an uncursed ring of fire {unknown}
Wands
 d - a wand of enslavement (14)
 e - a wand of random effects (2)
Scrolls
 m - 3 scrolls of teleportation {unknown}
 n - a scroll of magic mapping {unknown}
 s - 2 scrolls of enchant weapon {unknown}
 t - a scroll of immolation {unknown}
 w - 3 scrolls of identify {unknown}
 y - 2 scrolls of remove curse {unknown}
 A - a scroll of blinking {unknown}
 D - 2 scrolls of noise {unknown}
Potions
 h - 2 potions of flight {unknown}
 i - a potion of degeneration {unknown}
 l - a potion of berserk rage {unknown}
 o - a potion of ambrosia {unknown}
 p - a potion of haste {unknown}
 q - 2 potions of brilliance {unknown}
 v - a potion of heal wounds {unknown}
 z - 3 potions of curing {unknown}
 C - a potion of might {unknown}
Comestibles
 f - 4 rations


   Skills:
 + Level 2.3 Fighting
 + Level 4.0 Short Blades
 + Level 2.6 Armour
 + Level 3.0 Dodging
 + Level 1.7 Stealth
 + Level 4.3 Evocations


You had 6 spell levels left.
You didn't know any spells.
Your spell library was empty.

Dungeon Overview and Level Annotations

Branches:
Dungeon (4/15)
 Temple: D:4-7

Altars:

Annotations:
D:3 exclusion: 3 downstairs, Ijyb
D:4 Pikel


Message History

Ijyb closely misses you.
You closely miss Ijyb.
Ijyb is almost dead.
The kobold misses you.
You closely miss Ijyb.
Ijyb is almost dead.
Ijyb screams, "It's all mine!"
Ijyb hits you with a club.
* * * LOW HITPOINT WARNING * * *
The orc hits you with a whip.
* * * LOW HITPOINT WARNING * * *
The kobold closely misses you.
You hit Ijyb but do no damage.
Ijyb is almost dead.
Ijyb hits you but does no damage. The orc hits you with a whip.
* * * LOW HITPOINT WARNING * * *
The kobold hits you but does no damage.
You see here a stone.
Ijyb zaps a wand.
The bolt of acid hits you!
You die...

#.# #.# ######### #.#
#........ #.# #........ #.#
### #........ #.# #.#
#........ #.# #.######g.......
#.# #......(.K.....( #.#
#.....@o.##############
#.######.########### #......
#...)..)...........#####.#####
########..######....)....#
#######........#..###########
#.........###.##..#......#...
#######.### #.....#.####.#.##
#.#####..#..#.# #.#.#
#.##........#.# #.#.#


You could see Ijyb, an orc and a kobold.

Vanquished Creatures
  3 ogres
  An orc priest (D:3)
  Jessica (D:3)
  7 adders
  3 worms
  3 dart slugs
  5 orcs (D:3)
  A giant cockroach (D:3)
  11 goblins
  7 hobgoblins
  9 jackals
  2 quokkas (D:3)
  A ball python (D:1)
  6 bats
  5 frilled lizards
  6 kobolds
  2 rats (D:2)
73 creatures vanquished.

Notes
Turn   | Place    | Note
-------+----------+-------------------------------------------
     0 | D:1      | H0rd4k the Human Artificer began the quest for the Orb.
     0 | D:1      | Reached XP level 1. HP: 15/15 MP: 3/3
   231 | D:1      | Reached XP level 2. HP: 21/21 MP: 4/4
   818 | D:2      | Reached XP level 3. HP: 26/26 MP: 5/5
  1132 | D:2      | Found a faded altar of an unknown god.
  1178 | D:2      | Noticed an ogre
  1191 | D:2      | Reached skill level 1 in Armour
  1191 | D:2      | Reached XP level 4. HP: 13/33 MP: 5/7
  1191 | D:2      | Reached XP level 5. HP: 15/38 MP: 5/8
  2146 | D:3      | Noticed an ogre
  2149 | D:3      | Killed an ogre
  2149 | D:3      | Reached XP level 6. HP: 44/44 MP: 9/9
  3340 | D:3      | Noticed Jessica
  3403 | D:3      | Noticed an ogre
  3412 | D:3      | Killed an ogre
  3533 | D:4      | Noticed a slave
  3533 | D:4      | Noticed a slave
  3534 | D:4      | Noticed Pikel
  3534 | D:4      | Noticed a slave
  3552 | D:4      | Noticed a slave
  3971 | D:3      | Reached XP level 7. HP: 12/50 MP: 10/10
  4373 | D:3      | Killed Jessica
  4416 | D:3      | Noticed Ijyb
  4433 | D:3      | Killed from afar by Ijyb

Skill      XL: |  1  2  3  4  5  6  7 |
---------------+----------------------+-----
Short Blades   | 2 3 4 |  4.0
Armour         | 1 2 |  2.6
Evocations     | 4 |  4.3
Fighting       | 2 |  2.3
Dodging        | 3 |  3.0
Stealth        | |  1.7

Action                   |  1- 3 |  4- 6 |  7- 9 || total
-------------------------+-------+-------+-------++-------
Melee: Short sword       |    89 |   149 |    47 ||   285
Evoke: Wand              |     3 |    24 |     2 ||    29
 Stab: Sleeping          |     2 |     2 |       ||     4
  Eat: Chunk             |     1 |     8 |     2 ||    11
Armor: Leather armour    |    22 |    21 |     7 ||    50
Dodge: Dodged            |    65 |    69 |    19 ||   153
